 Dungeon Crawl Stone Soup version 0.22.1-2-g9c5b331 (webtiles) character file.

7291 Sjerrul the Fighter (level 10, -3/82 HPs)
             Began as a Demonspawn Chaos Knight on Jan 4, 2019.
             Impaled on a porcupine's spines (6 damage)
             ... on level 10 of the Dungeon.
             The game lasted 01:11:50 (9999 turns).

Sjerrul the Fighter (Demonspawn Chaos Knight)       Turns: 9999, Time: 01:11:51

Health: -3/82      AC: 10    Str: 20    XL:     10   Next: 89%
Magic:  0/10       EV: 17    Int: 14    God:    Xom [*.....]
Gold:   487        SH:  0    Dex: 23    Spells: 9/9 levels left

rFire    + . .     SeeInvis +   w - +5 short sword of the Absolute Madman {pierce, *Corrode MR+ Dex+6}
rCold    . . .     Gourm    .   J - +0 buckler
rNeg     . . .     Faith    .   y - +0 ring mail of the Kraken {Dex+4 SInv}
rPois    .         Spirit   +   (no helmet)
rElec    .         Reflect  .   l - +2 cloak
rCorr    .         Harm     .   (no gloves)
MR       +....                  (boots unavailable)
Stlth    +++.......             (no amulet)
HPRegen  0.23/turn              e - +5 ring of strength
MPRegen  0.24/turn              g - ring of protection from fire

@: confused
A: talons 3, thin metallic scales 2, deformed body, nightstalker 2, magic
shield, magic regeneration
a: Renounce Religion


You were on level 10 of the Dungeon.
You worshipped Xom.
You were a special plaything of Xom.
You were not hungry.

You visited 2 branches of the dungeon, and saw 11 of its levels.

You collected 487 gold pieces.

Inventory:

Hand Weapons
 r - a +0 flail of venom
 u - a +0 shortbow of freezing
 w - the +5 short sword of the Absolute Madman (weapon) {pierce, *Corrode MR+ Dex+6}
   (You found it on level 6 of the Dungeon)

   It inflicts extra damage upon your enemies.
   It affects your dexterity (+6).
   It affects your resistance to hostile enchantments.
   It may corrode you when you take damage.
 x - a +3 quarterstaff of chaos
 z - a +0 shortbow
 B - a +2 trident of piercing
 F - a +1 dagger of freezing
 I - a +0 hunting sling
 O - a +4 scimitar of flaming
 R - the +12 mace of Aqupeike {crush, rF++ Dex-5 Stlth+, unknown}
   (You found it on level 9 of the Dungeon)

   It inflicts extra damage upon your enemies.
   It affects your dexterity (-5).
   It greatly protects you from fire.
   It makes you more stealthy.
Missiles
 d - 2 curare-tipped needles
 n - 203 stones
 o - 54 arrows
 L - 5 javelins of penetration (quivered)
Armour
 b - a +2 leather armour
 h - a +0 scale mail
 l - a +2 cloak (worn)
 y - the +0 ring mail of the Kraken (worn) {Dex+4 SInv}
   (You found it on level 4 of the Dungeon)

   It affects your dexterity (+4).
   It lets you see invisible.
 J - a +0 buckler (worn)
 Q - a +0 robe of the Archmagi
Jewellery
 e - a +5 ring of strength (left hand)
 g - a ring of protection from fire (right hand)
 t - an uncursed ring of protection from cold {unknown}
Wands
 H - a wand of random effects (21)
 K - a wand of polymorph (30)
 T - a wand of iceblast (9)
Scrolls
 f - 2 scrolls of amnesia
 i - 2 scrolls of fear {unknown}
 j - a scroll of random uselessness {unknown}
 k - 3 scrolls of remove curse
 v - 3 scrolls of enchant armour {unknown}
 M - a scroll of identify
Potions
 a - 2 potions of haste {unknown}
 m - 3 potions of mutation {unknown}
 p - 4 potions of lignification {unknown}
 q - 2 potions of berserk rage {unknown}
 s - 4 potions of heal wounds {unknown}
 A - 4 potions of curing
 C - 2 potions of might {unknown}
 D - 3 potions of invisibility {unknown}
 E - a potion of magic {unknown}
 G - 2 potions of flight {unknown}
 P - 2 potions of brilliance {unknown}
Comestibles
 c - 15 rations
 S - 3 chunks of flesh


   Skills:
 + Level 8.4 Fighting
 + Level 4.7(5.5) Short Blades
 - Level 4.1(5.2) Long Blades
 - Level 2.4(3.3) Polearms
 - Level 3.3(3.7) Staves
 + Level 7.3 Armour
 + Level 6.8 Dodging
 + Level 3.0 Stealth
 + Level 4.8 Shields


You had 9 spell levels left.
You didn't know any spells.
Your spell library was empty.

Dungeon Overview and Level Annotations

Branches:
Dungeon (10/15)            Temple (1/1) D:6            Lair (0/6) D:10
    Orc: D:9-12

Altars:
Cheibriados
Dithmenos
Elyvilon
Fedhas
Gozag
Hepliaklqana
Kikubaaqudgha
Makhleb
Nemelex Xobeh
Qazlal
Ru
Sif Muna
Trog
Uskayaw
Vehumet
Wu Jian
Xom
Yredelemnul
Zin
The Shining One

Shops:
D:5 :

Annotations:
D:2 Terence
D:8 1 runed door, NikiYani's ghost, novice GnEE
D:10 Psyche


Innate Abilities, Weirdness & Mutations

You have claws for feet.
You are mostly covered in thin metallic scales. (AC +3)
You are significantly more attuned to the shadows.
When hurt, damage is shared between your health and your magic reserves.
You regenerate magic rapidly.
Armour fits poorly on your strangely shaped body.


Message History

You kill the porcupine!
Your Stealth skill increases to level 3!
You hit the porcupine. You claw the porcupine.
The porcupine is heavily wounded.
Xom notices you. Noxious gases pour from your nose!
The porcupine is engulfed in noxious fumes.
The porcupine appears confused.
The porcupine bites the fungus!
You are struck by the porcupine's spines.
* * * LOW HITPOINT WARNING * * *
You barely miss the porcupine. Your kick misses the porcupine.
The porcupine is heavily wounded.
You are engulfed in noxious fumes.
You choke on the stench!
You are confused.
* * * LOW HITPOINT WARNING * * *
The porcupine is engulfed in noxious fumes.
The porcupine appears confused.
The porcupine bites the fungus!
You are struck by the porcupine's spines.
You die...
Xom giggles madly!

,* ,, , ,, * ,,
,,, * , ,,
..P...# * * *
,* #P.PP.# * ,
, +.s.PP# *,***
, ,,*> #P§....
* ,*
,,,PP####§P.P..
,,, , ,
P...P@§§P...
*** *,
*,,.P.§rP§P....
** **,
.........P## **
, ,
,.....P.P.##
,,, , , *,
#......#.# *,
,, ,.....###.#
,***,, **, * *
* , *,, , *,* *
, **


You could see a scorpion (sleeping) and a porcupine (confused).

Vanquished Creatures
  Erica (D:8)
  A two-headed ogre (D:10)
  A centaur skeleton (D:10)
  A komodo dragon (D:10)
  A hornet (D:9)
  A troll (D:8)
  A wraith (D:10)
  A human (D:9)
  4 yaks (D:9)
  4 hogs (D:9)
  A porcupine (D:10)
  An orc warrior (D:9)
  5 black bears
  A hornet zombie (D:8)
  4 sky beasts
  3 ogres
  4 centaurs
  A big kobold (D:10)
  3 bullfrogs
  3 scorpions
  6 killer bees (D:10)
  2 electric eels (D:6)
  A howler monkey (D:4)
  6 crimson imps
  4 hounds
  A bullfrog zombie (D:9)
  4 orc priests
  A jelly (D:9)
  Crazy Yiuf (D:5)
  A bullfrog skeleton (D:10)
  5 orc wizards
  An iguana (D:9)
  3 worker ants
  A hound zombie (D:7)
  2 hound skeletons
  3 worker ant zombies
  4 gnolls (D:7)
  A river rat (shapeshifter) (D:8)
  10 adders
  2 shadow imps (D:6)
  2 oozes (D:1)
  3 adder skeletons
  A worm (D:3)
  2 dart slugs
  2 leopard geckos (D:3)
  35 orcs
  2 bat zombies (D:9)
  6 giant cockroaches
  2 goblins
  10 hobgoblins
  6 jackals (D:4)
  9 kobolds
  6 quokkas
  4 ball pythons
  11 bats
  8 frilled lizards
  A leopard gecko zombie (D:5)
  A quokka zombie (D:5)
  9 rats
221 creatures vanquished.

Vanquished Creatures (collateral kills)
  An orc warrior (D:7)
  3 orcs
4 creatures vanquished.

Vanquished Creatures (others)
  An orc wizard (D:3)
  3 fungi (D:8)
  4 plants (D:8)
8 creatures vanquished.

Grand Total: 233 creatures vanquished

Notes
Turn   | Place    | Note
-------+----------+-------------------------------------------
     0 | D:1      | Sjerrul the Demonspawn Chaos Knight began the quest for the
                  | Orb.
     0 | D:1      | Reached XP level 1. HP: 18/18 MP: 1/1
   130 | D:1      | XOM: harmless Tloc miscast
   295 | D:1      | Gained mutation: When hurt, damage is shared between your
                  | health and your magic reserves. [demonic ancestry]
   295 | D:1      | Reached XP level 2. HP: 22/24 MP: 2/2
   316 | D:1      | XOM: harmless Air miscast
   474 | D:1      | XOM: harmless Ice miscast
   522 | D:1      | Gained mutation: You have sharp toenails. [demonic
                  | ancestry]
   522 | D:1      | Reached XP level 3. HP: 22/29 MP: 3/3
   744 | D:1      | XOM: divination: detect items
   798 | D:2      | XOM: stealth player
  1039 | D:2      | XOM: harmless Summ miscast
  1102 | D:2      | Found a glowing golden altar of the Shining One.
  1245 | D:2      | XOM: divination: detect items
  1311 | D:2      | Noticed Terence
  1591 | D:3      | XOM: god gift: 2 curare-tipped needles
  1683 | D:3      | Found a faded altar of an unknown god.
  1751 | D:3      | Gained mutation: You are partially covered in thin metallic
                  | scales. (AC +2) [demonic ancestry]
  1751 | D:3      | Reached XP level 4. HP: 36/36 MP: 4/4
  2000 | D:3      | XOM: summons 2 hostile demons
  2249 | D:3      | Found a hazy altar of Hepliaklqana.
  2251 | D:3      | XOM: enchant monster (good)
  2602 | D:4      | Reached skill level 1 in Dodging
  2602 | D:4      | Reached XP level 5. HP: 37/42 MP: 5/5
  2630 | D:4      | Got a heavily runed ring mail
  2631 | D:4      | Identified the +0 ring mail of the Kraken {Dex+4 SInv} (You
                  | found it on level 4 of the Dungeon)
  2672 | D:4      | Noticed a centaur
  2680 | D:4      | Killed a centaur
  2680 | D:4      | Reached skill level 4 in Fighting
  2680 | D:4      | Reached skill level 1 in Polearms
  2680 | D:4      | Gained mutation: You have razor-sharp toenails. [demonic
                  | ancestry]
  2680 | D:4      | Reached XP level 6. HP: 45/48 MP: 6/6
  3021 | D:4      | Found a snail-covered altar of Cheibriados.
  3309 | D:4      | XOM: give mutations
  3309 | D:4      | Gained mutation: Scrolls take you a little longer to read.
                  | [Xom's mischief]
  3309 | D:4      | Gained mutation: You are clumsy. (Dex -2) [Xom's mischief]
  3386 | D:4      | XOM: mild Tmut miscast
  3747 | D:4      | XOM: god gift: dagger {god gift}
  3758 | D:5      | Entered Level 5 of the Dungeon
  3910 | D:5      | XOM: harmless Fire miscast
  3913 | D:5      | XOM: god gift: copper ring {god gift}
  3951 | D:5      | XOM: enchant monster (good)
  3987 | D:5      | XOM: god gift: marble ring {god gift}
  3991 | D:5      | Gained mutation: You regenerate magic rapidly. [demonic
                  | ancestry]
  3991 | D:5      | Reached XP level 7. HP: 51/55 MP: 7/7
  4131 | D:5      | Found Xifoag's Book Emporium.
  4131 | D:5      | XOM: 4-stop teleportation journey
  4468 | D:5      | Found a runed door.
  4580 | D:5      | Noticed Crazy Yiuf
  4584 | D:5      | Killed Crazy Yiuf
  4711 | D:6      | XOM: confuse monster(s)
  4826 | D:6      | XOM: confuse monster(s)
  4849 | D:6      | Reached skill level 5 in Fighting
  4851 | D:6      | Reached skill level 1 in Staves
  4870 | D:6      | XOM: give mutation
  4870 | D:6      | Gained mutation: You have a pair of small horns on your
                  | head. [Xom's mischief]
  4925 | D:6      | XOM: give mutations
  4925 | D:6      | Gained mutation: You have claws for feet. [Xom's grace]
  4925 | D:6      | Gained mutation: You are mostly covered in thin metallic
                  | scales. (AC +3) [Xom's grace]
  4925 | D:6      | Gained mutation: Your muscles are strong. (Str +2) [Xom's
                  | grace]
  4937 | D:6      | Gained mutation: You are slightly more attuned to the
                  | shadows. [demonic ancestry]
  4937 | D:6      | Reached XP level 8. HP: 48/63 MP: 6/8
  5151 | D:6      | Got a translucent short sword
  5153 | D:6      | Found a staircase to the Ecumenical Temple.
  5156 | D:6      | Identified the +5 short sword of the Absolute Madman
                  | {pierce, *Corrode MR+ Dex+6} (You found it on level 6 of
                  | the Dungeon)
  5217 | D:6      | XOM: harmless Conj miscast
  5340 | D:6      | XOM: confuse monster(s)
  5470 | Temple   | Entered the Ecumenical Temple
  5767 | D:7      | XOM: summons 6 friendly demons
  5774 | D:7      | Noticed a hippogriff
  5946 | D:7      | Noticed a two-headed ogre
  5952 | D:7      | XOM: 7-stop teleportation journey
  5974 | D:7      | XOM: harmless Ice miscast
  6006 | D:7      | Reached skill level 6 in Fighting
  6006 | D:7      | Reached skill level 5 in Armour
  6124 | D:7      | Found a shimmering altar of Xom.
  6249 | D:7      | Noticed a gargoyle
  6409 | D:7      | XOM: swap monsters
  6421 | D:8      | Noticed Erica
  6473 | D:8      | XOM: enchant monster (bad)
  6648 | D:8      | XOM: noise
  6710 | D:8      | XOM: harmless Necr miscast
  6820 | D:8      | XOM: snakes to sticks
  6823 | D:8      | Reached skill level 1 in Short Blades
  6823 | D:8      | Reached skill level 1 in Shields
  6830 | D:8      | XOM: give mutations
  6830 | D:8      | Lost mutation: You are clumsy. (Dex -2) [Xom's mischief]
  6830 | D:8      | Gained mutation: Your body sometimes deteriorates upon
                  | taking damage. [Xom's mischief]
  6830 | D:8      | Lost mutation: Your body sometimes deteriorates upon taking
                  | damage. [Xom's mischief]
  6913 | D:8      | Reached XP level 9. HP: 62/71 MP: 7/9
  7039 | D:8      | XOM: god gift: scroll of teleportation
  7080 | D:8      | Noticed a troll
  7103 | D:8      | XOM: cast spell 'Summon Small Mammal'
  7104 | D:8      | Killed Erica
  7104 | D:8      | Reached skill level 7 in Fighting
  7104 | D:8      | Reached skill level 5 in Dodging
  7109 | D:8      | Killed a troll
  7126 | D:8      | XOM: cloud trail
  7196 | D:8      | XOM: summons 9 friendly demons
  7266 | D:8      | XOM: god gift: 17 gold pieces
  7297 | D:8      | XOM: mild Air miscast
  7424 | D:8      | Found a runed door.
  7425 | D:8      | Noticed NikiYani's ghost (novice GnEE)
  7706 | D:9      | Paralysed by a hornet for 2 turns
  7709 | D:9      | XOM: cast spell 'Necromutation'
  7756 | D:9      | XOM: summons 1 hostile demon
  7791 | D:9      | Found a radiant altar of Vehumet.
  7991 | D:9      | XOM: enchant monster (bad)
  8030 | D:9      | XOM: enchant monster (bad)
  8036 | D:9      | Gained mutation: You are significantly more attuned to the
                  | shadows. [demonic ancestry]
  8036 | D:9      | Reached XP level 10. HP: 69/79 MP: 8/10
  8037 | D:9      | XOM: summons friendly iron imp
  8085 | D:9      | XOM: give mutations
  8085 | D:9      | Lost mutation: Scrolls take you a little longer to read.
                  | [Xom's mischief]
  8085 | D:9      | Lost mutation: You have a pair of small horns on your head.
                  | [Xom's mischief]
  8085 | D:9      | Gained mutation: Scrolls take you a little longer to read.
                  | [Xom's mischief]
  8085 | D:9      | Lost mutation: Your muscles are strong. (Str +2) [Xom's
                  | mischief]
  8224 | D:9      | Got a polished mace
  8316 | D:9      | XOM: harmless Ice miscast
  8320 | D:9      | Reached skill level 1 in Stealth
  8512 | D:9      | Found an ancient bone altar of Kikubaaqudgha.
  8517 | D:9      | XOM: harmless Air miscast
  8553 | D:9      | XOM: stat loss: -1 Dex (22/23)
  8641 | D:9      | XOM: mild Air miscast
  8808 | D:9      | XOM: medium Summ miscast
  8931 | D:9      | XOM: 4-stop teleportation journey
  9099 | D:10     | Entered Level 10 of the Dungeon
  9129 | D:10     | Reached skill level 8 in Fighting
  9177 | D:10     | XOM: harmless Ice miscast
  9239 | D:10     | Noticed Psyche
  9249 | D:10     | XOM: fake destruction
  9251 | D:10     | XOM: noise
  9266 | D:10     | HP: 4/80 [Psyche/puff of flame (4)]
  9271 | D:10     | HP: 2/80 [Psyche/puff of frost (5)]
  9860 | D:10     | XOM: blink monster(s)
  9878 | D:10     | XOM: mild Tloc miscast
  9902 | D:10     | Noticed an orc knight
  9902 | D:10     | XOM: divination: magic mapping
  9919 | D:10     | XOM: give mutations
  9919 | D:10     | Lost mutation: Scrolls take you a little longer to read.
                  | [Xom's mischief]
  9919 | D:10     | Gained mutation: You are weak. (Str -2) [Xom's mischief]
  9919 | D:10     | Gained mutation: Armour fits poorly on your strangely
                  | shaped body. [Xom's mischief]
  9919 | D:10     | Lost mutation: You are weak. (Str -2) [Xom's mischief]
  9925 | D:10     | Noticed a two-headed ogre
  9935 | D:10     | Killed a two-headed ogre
  9981 | D:10     | HP: 4/81 [poisoned by an adder]
  9986 | D:10     | HP: 4/81 [poisoned by an adder]
  9997 | D:10     | XOM: medium Pois miscast
  9998 | D:10     | HP: 4/82 [porcupine's spines (5)]
  9999 | D:10     | Impaled on a porcupine's spines

Skill      XL: |  1  2  3  4  5  6  7  8  9 10 |
---------------+-------------------------------+-----
Long Blades    | 3 4 |  4.1
Armour         | 2 3 4 5 6 7 |  7.3
Dodging        | 1 2 3 4 5 6 |  6.8
Fighting       | 4 5 6 7 8 |  8.4
Polearms       | 1 2 |  2.4
Staves         | 2 3 |  3.3
Short Blades   | 1 3 4 |  4.7
Shields        | 1 3 4 |  4.8
Stealth        | 3 |  3.0

Action                   |  1- 3 |  4- 6 |  7- 9 | 10-12 || total
-------------------------+-------+-------+-------+-------++-------
Melee: Falchion          |   114 |    70 |       |       ||   184
       Kick              |    22 |    31 |   106 |    67 ||   226
       Trident           |       |    89 |    35 |       ||   124
       Quarterstaff      |       |       |    35 |       ||    35
       Headbutt          |       |       |    44 |     6 ||    50
       Short sword       |       |       |   184 |   159 ||   343
Throw: Javelin           |       |       |     3 |       ||     3
  Use: Scroll            |     2 |     8 |     1 |     2 ||    13
       Potion            |       |       |     1 |     2 ||     3
 Stab: Sleeping          |     3 |       |     2 |    10 ||    15
       Paralysed         |     1 |       |       |       ||     1
  Eat: Chunk             |     1 |     5 |     7 |     3 ||    16
       Ration            |     1 |       |     2 |     1 ||     4
Armor: Leather armour    |    23 |    55 |       |       ||    78
       Scale mail        |    15 |       |     7 |       ||    22
       Chain mail        |       |    35 |       |       ||    35
       Ring mail         |       |    23 |    76 |    25 ||   124
Dodge: Dodged            |    54 |   129 |   152 |    64 ||   399
Block: Buckler           |       |       |    36 |    49 ||    85
       Rpst.: Falchion   |    13 |    17 |       |       ||    30
